AoeStats
← TuCAAA :D

Arena

509471218Analyzed
1v1 RM · 6d ago on Sep 26, 2026· 27m 36s· 2 players
Game mode
Random Map
Map size
Tiny (2 player)
Population
200
Speed
Normal
Resources
Standard
Victory
Conquest
Starting age
Dark Age
Ending age
Imperial Age
RankedLock teamsTeams togetherTeam positionsShared explorationLock speedFull tech treeHidden civsTurbo modeCheats
Victory
Defeat
🇪🇨 Spanish · Ecuador
1192
+16
🇦🇷 Britons · Argentina
1187
-16
TuCAAA :D
10:37 Feudal Age
14:37 Castle Age
14:33 Double-Bit Axe
19:19 Loom
Deimian1993
5:09 Loom
8:45 Feudal Age
9:29 Town Watch
13:44 Fletching
27:48 Castle Age
26:03 Stone Mining
Connection lost

Rejoining the realm…

Still unreachable

The connection could not be restored.

Session expired

The server has moved on; the page needs a fresh start.